 Dungeon Crawl Stone Soup version 0.17.0-28-g6e173f8 (webtiles) character file.

111 WhatsThis the Firebug (level 4, 0/33 HPs)
             Began as a Demigod Fire Elementalist on Nov 27, 2015.
             Slain by an ogre
             ... wielding a +0 giant club
              (12 damage)
             ... on level 3 of the Dungeon.
             The game lasted 00:46:37 (3647 turns).

WhatsThis the Firebug (Demigod Fire Elementalist)   Turns: 3647, Time: 00:46:38

Health: 0/33       AC:  6    Str: 11    XL:     4   Next: 36%
Magic:  9/10       EV: 13    Int: 19    God:
Gold:   190        SH:  0    Dex: 17    Spells: 3 memorised, 1 level left

rFire  + . .     SeeInvis .     g - +0 spear
rCold  + . .     Clarity  .     a - +0 robe
rNeg   . . .     SustAt   +     (no shield)
rPois  .         Gourm    .     (no helmet)
rElec  .         Spirit   .     (no cloak)
rCorr  .         Warding  .     (no gloves)
rMut   .         Stasis   .     (no boots)
MR     .....                    (no amulet)
Stlth  ++........               A - ring of protection from fire
                                r - ring of protection from cold

@: hasted, very quick, not resistant to hostile enchantments, unstealthy
A: rough black scales 1, high mp 1, sustain attributes
a: no special abilities


You were on level 3 of the Dungeon.
You were not hungry.

You visited 1 branch of the dungeon, and saw 3 of its levels.

You collected 190 gold pieces.

Inventory:

Hand Weapons
 g - a +0 spear (weapon)
 j - a cursed -2 flail
 x - a cursed -1 short sword
 G - a +0 flail
Missiles
 d - 184 stones (quivered)
 m - 30 bolts
 q - 10 exploding sling bullets
 t - 12 sling bullets
 v - 13 poisoned sling bullets
 w - 25 sling bullets of frost
 B - 9 poisoned needles
Armour
 a - a +0 robe (worn)
 e - a cursed +0 scale mail
 i - a +0 ring mail
 k - a +0 scale mail
 H - a +0 leather armour
Jewellery
 r - a ring of protection from cold (left hand)
 A - a ring of protection from fire (right hand)
Scrolls
 f - a scroll of amnesia
 l - a scroll of magic mapping
 n - a scroll of noise {unknown}
 o - a scroll of remove curse
 p - 2 scrolls of enchant weapon
 u - a scroll of random uselessness {unknown}
 y - a scroll of immolation {unknown}
 E - a scroll of fear {unknown}
 F - a scroll of recharging {unknown}
Potions
 s - a potion of resistance {unknown}
Books
 b - a book of Flames

   Spells                             Type                      Level
   a - Flame Tongue                   Conjuration/Fire             1
   b - Throw Flame                    Conjuration/Fire             2
   c - Conjure Flame                  Conjuration/Fire             3
   d - Inner Flame                    Hexes/Fire                   3
   e - Sticky Flame                   Conjuration/Fire             4
   f - Fireball                       Conjuration/Fire             5
Comestibles
 h - 2 meat rations
 z - a bread ration
 D - 7 chunks of flesh


   Skills:
 + Level 0.1 Fighting
 + Level 0.5 Polearms
 + Level 2.5 Dodging
 + Level 2.1 Stealth
 + Level 2.4 Spellcasting
 + Level 1.6 Conjurations
 + Level 3.5 Fire Magic


You had one spell level left.
You knew the following spells:

 Your Spells              Type           Power        Failure   Level  Hunger
a - Flame Tongue          Conj/Fire      ##...        8%          1    #......
b - Throw Flame           Conj/Fire      ##....       10%         2    ##.....
c - Conjure Flame         Conj/Fire      ##......     17%         3    ###....


Dungeon Overview and Level Annotations

Branches:
Dungeon (3/15)


Innate Abilities, Weirdness & Mutations

You have an increased reservoir of magic (+10% MP).
Your attributes are resistant to harm.
You are partially covered in rough black scales (AC +4, Dex -1).


Message History

Confirm with . or Enter, or press ? or * to list all spells.
Aiming: Flame Tongue
Press: ? - help, Shift-Dir - straight line, f/p - ogre
Aim: an ogre, wielding a giant club You miscast Flame Tongue.
You are very lightly contaminated with residual magic.
Nothing appears to happen.
The ogre hits you with a giant club!
You hit the ogre.
The ogre is lightly wounded.
The ogre hits you with a giant club!
* * * LOW HITPOINT WARNING * * *
As you read the scroll of fog, it crumbles to dust.
The scroll dissolves into smoke.
The ogre misses you.
You hit the ogre but do no damage.
The ogre is lightly wounded.
The ogre barely misses you.
Your magical contamination has completely faded away.
It was a potion of haste.
You feel yourself speed up. The ogre hits you with a giant club!
You die...

############
#........O.#
#######.########@#
........#
###.#############
#########
#...............#
#.#.###########.#
...#.....# #.# ###
#.....# #.#
#.....# ###.#
#.....# #...#
#.....# #)###


You could see an ogre.

Vanquished Creatures
  An orc wizard (D:3)
  2 adders (D:3)
  2 oozes (D:1)
  A worm (D:3)
  2 orcs (D:3)
  7 hobgoblins
  5 jackals (D:2)
  2 quokkas
  5 bats
  5 giant cockroaches
  2 giant newts (D:1)
  6 goblins
  A kobold (D:1)
  6 rats
47 creatures vanquished.

Notes
Turn   | Place    | Note
--------------------------------------------------------------
     0 | D:1      | WhatsThis the Demigod Fire Elementalist began the quest for the Orb.
     0 | D:1      | Reached XP level 1. HP: 14/14 MP: 5/5
   302 | D:1      | Reached skill level 3 in Fire Magic
   569 | D:1      | Reached XP level 2. HP: 20/20 MP: 2/7
  1192 | D:2      | Learned a level 2 spell: Throw Flame
  2294 | D:2      | Reached XP level 3. HP: 26/26 MP: 2/8
  2770 | D:3      | Found a sparkling altar of Nemelex Xobeh.
  2802 | D:3      | Found a glowing golden altar of the Shining One.
  2803 | D:3      | Found a white marble altar of Elyvilon.
  2836 | D:3      | Gained mutation: You are partially covered in rough black scales (AC +4, Dex -1). [potion of beneficial mutation]
  2844 | D:3      | Reached skill level 1 in Conjurations
  3152 | D:3      | Learned a level 3 spell: Conjure Flame
  3487 | D:3      | Found a glowing silver altar of Zin.
  3574 | D:3      | Noticed an ogre
  3583 | D:3      | Reached XP level 4. HP: 33/33 MP: 5/10
  3647 | D:3      | Slain by an ogre

Action                   |  1- 3 |  4- 6 || total
-------------------------+-------+-------++-------
Melee: Unarmed           |     8 |       ||     8
       Spear             |    69 |     3 ||    72
Throw: Stone             |     1 |       ||     1
 Cast: Flame Tongue      |    55 |     2 ||    57
       Throw Flame       |    19 |     1 ||    20
  Use: Scroll            |     6 |     1 ||     7
       Potion            |     3 |     1 ||     4
  Eat: Chunk             |     4 |       ||     4
       Bread ration      |     1 |       ||     1
       Pizza             |     1 |       ||     1
